 Dungeon Crawl Stone Soup version 0.28.0-53-g5a82cb258f (webtiles) character file.

Game seed: 136374769105559961

2664 KrombopulosMichael the Firebug (level 9, -3/63 HPs)
             Began as a Formicid Cinder Acolyte on June 19, 2022.
             Was an Initiate of Cheibriados.
             Slain by a fire elemental (10 damage)
             ... created by the fiery vengeance of Ignis
             ... on level 7 of the Dungeon on June 21, 2022.
             The game lasted 00:25:51 (8378 turns).

KrombopulosMichael the Firebug (FoCA)               Turns: 8378, Time: 00:25:52

Health: -3/63      AC: 12    Str: 20    XL:     9   Next: 94%
Magic:  0/18       EV:  8    Int: 15    God:    Cheibriados [......]
Gold:   69         SH:  0    Dex: 11    Spells: 18/20 levels left

rFire   . . .      SeeInvis +   a - +2 spear (flame)
rCold   + . .      Faith    .   (no shield)
rNeg    . . .      Spirit   +   m - +0 chain mail
rPois   +          Reflect  .   (helmet unavailable)
rElec   +          Harm     .   s - scarf {repulsion}
rCorr   +          Rampage  .   h - +0 pair of gloves
Will    .....      Clarity  +   e - +0 pair of boots
Stlth   ..........              b - amulet of guardian spirit
HPRegen 0.20/turn               d - +4 ring of slaying
MPRegen 0.16/turn               (no ring)

@: confused, resistant, ambrosia-drunk, studying Dodging, repel missiles, unable
to read, fire susceptible, very slow
A: permanent stasis, dig shafts and tunnels, antennae 3, four strong arms,
clarity, frail 1, inability to read while threatened
a: Dig, Shaft Self, Renounce Religion


You were on level 7 of the Dungeon.
You worshipped Cheibriados.
Cheibriados was noncommittal.
You visited 2 branches of the dungeon, and saw 8 of its levels.

You collected 360 gold pieces.
You spent 291 gold pieces at shops.

Inventory:

Hand Weapons
 a - a +2 spear of flaming (weapon)
Missiles
 f - 2 throwing nets
Armour
 e - a +0 pair of boots (worn)
 h - a +0 pair of gloves (worn)
 m - a +0 chain mail (worn)
 s - a scarf of repulsion (worn)
 t - +0 steam dragon scales
Magical Staves
 g - a staff of air
Jewellery
 b - an amulet of guardian spirit (around neck)
 c - a ring of ice
 d - a +4 ring of slaying (left hand)
Wands
 n - a wand of flame (2)
Scrolls
 o - a scroll of magic mapping
Potions
 j - a potion of brilliance
 k - 4 potions of curing
 l - a potion of flight
 r - a potion of lignification {unknown}


   Skills:
 * Level 6.5 Fighting
 + Level 5.2 Polearms
 + Level 4.8 Armour
 * Level 3.3 Dodging
 + Level 1.5 Stealth
 + Level 6.3 Spellcasting
 + Level 7.2 Fire Magic
 * Level 1.5 Evocations


You had 18 spell levels left.
You knew the following spells:

 Your Spells              Type           Power      Damage    Failure   Level
a - Scorch                Fire           52%        2d7       11%         2

Your spell library contained the following spells:

 Spells                   Type           Power      Damage    Failure   Level
 Confusing Touch          Hex            4%         N/A       99%         3
 Yara's Violent Unravell  Hex/Tmut       2%         3d3       100%        5
 Enfeeble                 Hex            2%         N/A       100%        7


Dungeon Overview and Level Annotations

Branches:
Dungeon (7/15)             Temple (1/1) D:4

Altars:
Cheibriados
Dithmenos
Elyvilon
Fedhas
Gozag
Hepliaklqana
Kikubaaqudgha
Makhleb
Nemelex Xobeh
Okawaru
Qazlal
Ru
Sif Muna
Trog
Uskayaw
Vehumet
Xom
Yredelemnul
Zin
The Shining One

Shops:
D:1 !   D:6 *[!(


Innate Abilities, Weirdness & Mutations

You cannot be hasted, slowed, berserked, paralysed or teleported.
You can dig through walls and to a lower floor.
You have a pair of large antennae on your head. (SInv)
Your four strong arms can wield two-handed weapons with a shield.
You possess an exceptional clarity of mind.
You are frail. (-10% HP)
You sometimes lose the ability to read scrolls when taking damage.


Message History

You puncture the black bear! You burn the black bear.
You kill the black bear!
Cheibriados thoroughly appreciates the change of pace.
No target in view!
No target in view!
Okay, then. "Betrayer!
Apostate!
Perish!"
The divine experience drains your vigour!
Your stasis prevents you from being slowed. 2 fire elementals come into view.
Okay, then.
Okay, then.
You see here a scroll labelled LOLYNG ERUENOPN.
Found a scroll of teleportation.
The fire elemental hits you. The fire elemental burns you!
The fire elemental hits you. The fire elemental burns you!
The fire elemental hits you. The fire elemental burns you!
The fire elemental closely misses you.
Okay, then.
The fire elemental hits you. The fire elemental burns you!
The fire elemental hits you. The fire elemental burns you!
You feel protected. The fire elemental hits you. The fire elemental burns you!
The fire elemental hits you. The fire elemental burns you!
It was a potion of ambrosia.
You are confused.
You feel invigorated. The fire elemental barely misses you.
The fire elemental hits you. The fire elemental burns you!
The fire elemental hits you. The fire elemental burns you!
* * * LOW HITPOINT WARNING * * *
It was a potion of mutation.
You feel extremely strange.
You lose the ability to read scrolls when threatened.
Your thoughts seem clearer.
You feel frail. The fire elemental hits you. The fire elemental burns you!
You feel threatened and lose the ability to read scrolls!
* * * LOW HITPOINT WARNING * * *
The fire elemental hits you. The fire elemental burns you!
* * * LOW HITPOINT WARNING * * *
The fire elemental hits you. The fire elemental burns you!
You die...

.#.#########.#.........
...# #.##.####### .###
#.##..# .# #.###.## .#
#.###..######
<###########.#..........
.............#..........
#########....#..........
#....#.E@.......
######....#°E........
#..........°.........
#................?...
#........?...........
#....................
#..........#####+####
############


You could see 2 fire elementals.

Vanquished Creatures
  Pikel (D:5)
  Maggie (D:6)
  A hornet (D:5)
  Edmund (D:5)
  2 water moccasins (D:7)
  2 black bears (D:7)
  A sky beast (D:5)
  A centaur (D:6)
  2 ogres (D:5)
  2 phantoms
  2 scorpions
  2 howler monkeys (D:7)
  3 hounds (D:5)
  2 jellies
  A centaur skeleton (D:5)
  2 gnoll shamans
  An iguana (D:5)
  Terence (D:2)
  A hound skeleton (D:4)
  A mummy (D:6)
  A howler monkey skeleton (D:5)
  3 adders
  12 gnolls
  A worm (D:2)
  2 dart slugs (D:1)
  6 bats
  8 endoplasms
  4 giant cockroaches
  10 goblins
  7 hobgoblins
  3 jackals (D:2)
  3 quokkas
  6 ball pythons
  5 frilled lizards
  5 kobolds
  5 rats
111 creatures vanquished.

Vanquished Creatures (others)
  A butterfly (D:4)
  43 foxfires
44 creatures vanquished.

Grand Total: 155 creatures vanquished

Notes
Turn   | Place    | Note
-------+----------+-------------------------------------------
     0 | D:1      | KrombopulosMichael the Formicid Cinder Acolyte began the
                  | quest for the Orb.
     0 | D:1      | Reached XP level 1. HP: 18/18 MP: 2/2
    18 | D:1      | Found a faded altar of an unknown god.
    43 | D:1      | Reached XP level 2. HP: 24/24 MP: 3/3
    46 | D:1      | Learned a level 2 spell: Scorch
   444 | D:1      | Found Romuozih's Distillery.
   476 | D:1      | Bought a potion of curing for 33 gold pieces
   531 | D:1      | Reached XP level 3. HP: 29/29 MP: 4/4
   970 | D:2      | Noticed Terence
  1231 | D:2      | Reached XP level 4. HP: 30/36 MP: 1/6
  1297 | D:2      | Killed Terence
  1655 | D:3      | Reached skill level 1 in Armour
  2089 | D:3      | Reached XP level 5. HP: 42/42 MP: 2/7
  2883 | D:1      | Bought a potion of degeneration for 11 gold pieces
  2883 | D:1      | Bought a potion of heal wounds for 55 gold pieces
  3399 | D:4      | Found a staircase to the Ecumenical Temple.
  3422 | Temple   | Entered the Ecumenical Temple
  3743 | D:4      | Found a white marble altar of Elyvilon.
  3873 | D:4      | Reached skill level 4 in Fire Magic
  4278 | D:4      | Reached XP level 6. HP: 29/48 MP: 2/9
  4529 | D:4      | Found a hide-covered altar of Uskayaw.
  4537 | D:4      | Found a shimmering blue altar of Sif Muna.
  4747 | D:5      | Entered Level 5 of the Dungeon
  4747 | D:5      | Noticed a sky beast
  4760 | D:5      | Killed a sky beast
  4761 | D:5      | Reached XP level 7. HP: 36/54 MP: 7/11
  4860 | D:5      | Noticed Edmund
  5211 | D:5      | Noticed Pikel
  5233 | D:5      | Found an ancient bone altar of Kikubaaqudgha.
  5267 | D:6      | Found Vessagoz's General Store.
  5268 | D:6      | Found Garoihet's Antique Armour Shop.
  5469 | D:5      | Reached skill level 5 in Fire Magic
  5655 | D:5      | Reached XP level 8. HP: 61/61 MP: 8/13
  5923 | D:5      | Killed Edmund
  6123 | D:5      | Noticed a hornet
  6129 | D:5      | Killed a hornet
  6130 | D:5      | Reached skill level 1 in Dodging
  6130 | D:5      | Reached skill level 1 in Stealth
  6213 | D:5      | Found a glowing silver altar of Zin.
  6213 | D:5      | Found a glowing golden altar of the Shining One.
  6257 | D:5      | Killed Pikel
  6258 | D:5      | Reached skill level 5 in Fighting
  6258 | D:5      | Reached skill level 5 in Polearms
  6258 | D:5      | Reached skill level 5 in Spellcasting
  6258 | D:5      | Reached skill level 6 in Fire Magic
  6258 | D:5      | Reached XP level 9. HP: 49/68 MP: 11/16
  6900 | D:6      | Found Nape Viw's Antique Weapon Emporium.
  6924 | D:6      | Found Lucwoiph's Distillery.
  6936 | D:6      | Bought a runed scarf for 192 gold pieces
  6945 | D:6      | Noticed Maggie
  6966 | D:6      | Killed Maggie
  7256 | D:6      | Found a bloodstained altar of Trog.
  7792 | D:6      | Found a shimmering altar of Xom.
  7808 | D:6      | Found a snail-covered altar of Cheibriados.
  7945 | D:7      | Reached skill level 1 in Evocations
  7992 | D:6      | Fell from the grace of Ignis
  7992 | D:6      | Became a worshipper of Cheibriados the Contemplative
  8111 | D:7      | Reached skill level 7 in Fire Magic
  8378 | D:7      | Gained mutation: You sometimes lose the ability to read
                  | scrolls when taking damage. [potion of mutation]
  8378 | D:7      | Gained mutation: You possess an exceptional clarity of
                  | mind. [potion of mutation]
  8378 | D:7      | Gained mutation: You are frail. (-10% HP) [potion of
                  | mutation]
  8378 | D:7      | Slain by a fire elemental

Illustrated notes

Levels and vault maps discovered:
D:1:      lemuel_arrival_lava_pool, layout_basic, serial_shops,
          nicolae_shop_stone, ebering_ecumenical_altar_ruins,
          minmay_misc_feat_enclosed
D:2:      layout_rooms, uniq_terence
D:3:      layout_loops_corners, wander_ebering_terrifying_dragon_lair
D:4:      layout_layer_cave, nicolae_elyvilon_peaceful_grove,
          grunt_temple_overflow_open, temple_green
D:5:      layout_loops_ring, amcnicky_altar_gilded,
          chequers_temple_overflow_statue_of_worship, chequers_mini_garden,
          minmay_manual_macuahuitl, uniq_pikel, uniq_edmund
D:6:      layout_basic, lemuel_round_altar, slow_altar_2, old_standard_altar,
          serial_shops, shop, shop, nicolae_inconvenience_store, shop,
          uniq_maggie
D:7:      layout_basic, pdpol_wu_jian_five_deadly_venoms
Temple:   minmay_temple_curvy_loop

Skill      XL: |  1  2  3  4  5  6  7  8  9 |
---------------+----------------------------+-----
Armour         | 1 2 3 4 |  4.8
Spellcasting   | 2 3 5 6 |  6.3
Polearms       | 4 5 |  5.2
Fire Magic     | 4 5 6 7 |  7.2
Fighting       | 4 5 6 |  6.5
Dodging        | 1 3 |  3.3
Stealth        | 1 |  1.5
Evocations     | 1 |  1.5

Action                   |  1- 3 |  4- 6 |  7- 9 || total
-------------------------+-------+-------+-------++-------
Melee: Spear             |    96 |    83 |   104 ||   283
       Punch             |     2 |     1 |     1 ||     4
 Cast: Scorch            |    11 |    34 |    60 ||   105
Invok: Foxfire Swarm     |     1 |     2 |     2 ||     5
       Fiery Armour      |       |     3 |     2 ||     5
       Rising Flame      |       |       |     1 ||     1
 Abil: Dig               |       |       |     1 ||     1
Evoke: Wand              |       |     3 |     7 ||    10
  Use: Scroll            |     3 |     4 |     7 ||    14
       Potion            |       |     2 |     3 ||     5
Armor: Robe              |     5 |       |       ||     5
       Ring mail         |    28 |    19 |    24 ||    71
       Chain mail        |       |       |    31 ||    31
Dodge: Dodged            |    31 |    31 |    49 ||   111
